 Dungeon Crawl Stone Soup version 0.31-a0-145-g046c7d2549 (webtiles) character file.

Game seed: 17737814903892843382

128 Ijustatesigmund the Stinger (level 5, -4/49 HPs)
             Began as an Octopode Venom Mage on June 7, 2023.
             Slain by an ogre
             ... wielding a +0 giant spiked club
              (16 damage)
             ... on level 4 of the Dungeon.
             The game lasted 00:06:33 (3357 turns).

Ijustatesigmund the Stinger (Octopode Venom Mage)   Turns: 3357, Time: 00:06:34

Health: -4/49      AC: 22    Str:  8    XL:     5   Next: 12%
Magic:  1/9        EV:  2    Int: 19    God:
Gold:   144        SH:  0    Dex: 12    Spells: 3/9 levels left

rFire   . . .        b - +0 dagger (venom)
rCold   . . .        (no shield)
rNeg    . . .        (helmet currently unavailable)
rPois   +            (no amulet)
rElec   .            h - ring of flight
rCorr   .            i - ring of wizardry
SInv    .            (no ring)
Will    .....        (no ring)
Stlth   ++           (no ring)
HPRegen 0.28/turn    (no ring)
MPRegen 0.11/turn    (no ring)
                     (no ring)

%: wizardry (x1)
@: tree-form
A: stationary, stasis, torment immunity, boosted hp, almost no armour,
(amphibious), 8 rings, (camouflage 1), (gelatinous body 1), (nimble swimmer 1),
(tentacles)
a: no special abilities


You were on level 4 of the Dungeon.
You were a tree.
You visited 1 branch of the dungeon, and saw 4 of its levels.

You collected 144 gold pieces.

Inventory:

Hand Weapons
 b - a +0 dagger of venom (weapon)
 g - a +0 rapier
Jewellery
 h - a ring of flight (left branch)
 i - a ring of wizardry (right branch)
Potions
 c - a potion of brilliance {unknown}
 d - 2 potions of lignification
 e - a potion of curing {unknown}
 f - a potion of invisibility {unknown}


   Skills:
 - Level 1.1 Fighting
 - Level 2.0 Dodging
 - Level 2.6 Stealth
 + Level 2.9 Spellcasting
 + Level 1.5 Conjurations
 - Level 1.3 Transmutations
 + Level 1.8 Air Magic
 + Level 4.5 Poison Magic


You had 3 spell levels left.
You knew the following spells:

 Your Spells              Type           Power      Damage    Failure   Level
a - Sting                 Tmut/Pois      52%        1d5       1%          1
b - Poisonous Vapours     Pois/Air       30%        N/A       2%          2
c - Mephitic Cloud        Conj/Pois/Air  12%        N/A       6%          3

Your spell library contained the following spells:

 Spells                   Type           Power      Damage    Failure   Level
 Summon Small Mammal      Summ           8%         N/A       6%          1
 Call Canine Familiar     Summ           2%         N/A       19%         3
 Summon Guardian Golem    Hex/Summ       2%         N/A       19%         3
 Olgreb's Toxic Radiance  Pois           20%        N/A       10%         4
 Freezing Cloud           Conj/Ice/Air   3%         6-21      69%         5


Dungeon Overview and Level Annotations

Branches:
Dungeon (4/15)
 Temple: D:4-7

Altars:
Ashenzari
Fedhas

Annotations:
D:4 Ijyb


Innate Abilities, Weirdness & Mutations

You are a tree.
Your roots penetrate the ground, keeping you stationary.
You cannot be teleported.
You are immune to unholy pain and torment.
Your maximum health is greatly increased.
You cannot wear most types of armour.
((You are amphibious.))
You can wear up to eight rings at the same time.
((Your skin changes colour to match your surroundings (Stealth+).))
((Your rubbery body absorbs attacks. (AC +1, EV +1)))
((You are camouflaged when in or above water. (Stealth+)))
((You have tentacles for arms and can constrict up to eight enemies at once.))


Message History

Unknown command.
Unknown command.
You barely miss the ball python.
The ufetubus seems less confused.
The ufetubus is engulfed in noxious fumes.
The ufetubus appears confused.
The ufetubus barely misses something.
The ufetubus closely misses something.
The ball python bites you but does no damage.
The ball python barely misses itself.
The ufetubus is engulfed in noxious fumes.
The ufetubus appears confused.
Something hits the ufetubus but does no damage.
Your magical contamination has completely faded away.
You hit the ball python.
The ball python is poisoned.
The ball python is moderately wounded.
You kill the ball python!
You strike the helpless ufetubus from behind!
You hit the ufetubus.
You kill the ufetubus!
The ogre is engulfed in noxious fumes.
The ogre appears confused.
Casting: Mephitic Cloud (dangerous; 6% risk of failure)
Confirm with . or Enter, or press ? or * to list all spells.
Aiming: Sting (safe; 1% risk of failure)
Press: ? - help, Shift-Dir - straight line, f - ogre
Aim: an ogre, wielding a +0 giant spiked club (lightly wounded, confused, poisoned, 98% to hit)
The sting hits the ogre.
The ogre looks even sicker.
The ogre is moderately wounded.
You are no longer corroded.
Casting: Sting (safe; 1% risk of failure)
Confirm with . or Enter, or press ? or * to list all spells.
Aiming: Poisonous Vapours (safe; 2% risk of failure)
Press: ? - help, Dir - move target, f/p - ogre
Aim: an ogre, wielding a +0 giant spiked club (moderately wounded, confused, very poisoned) Poisonous vapours surround the ogre!
The ogre looks even sicker.
The ogre hits you with a +0 giant spiked club!
* * * LOW HITPOINT WARNING * * *
Something hits the ogre.
You hit the ogre.
The ogre looks as sick as possible!
The ogre is heavily wounded.
The ogre hits you with a +0 giant spiked club!
You die...

#...... .......
....... ######
....... .).....
....... #####.....
.......
#.........###O......
..........##♣..#
...........#...##
..............##
#.............##
#............##
#...........##
#..........##
#.........##
#.........#


You could see an ogre (confused, extremely poisoned).

Vanquished Creatures
  4 gnolls (D:2)
  An adder (D:2)
  An ufetubus (D:4)
  4 dart slugs
  2 orcs (D:3)
  5 bats
  5 endoplasms
  5 giant cockroaches
  5 goblins
  9 hobgoblins
  2 quokkas
  5 ball pythons
  4 frilled lizards
  8 kobolds
  7 rats
67 creatures vanquished.

Notes
Turn   | Place    | Note
-------+----------+-------------------------------------------
     0 | D:1      | Ijustatesigmund the Octopode Venom Mage began the quest for
                  | the Orb.
     0 | D:1      | Reached XP level 1. HP: 11/11 MP: 3/3
   192 | D:1      | Reached XP level 2. HP: 18/18 MP: 3/5
   222 | D:1      | Learned a level 2 spell: Poisonous Vapours
   420 | D:1      | Reached skill level 1 in Fighting
   496 | D:1      | Reached skill level 4 in Poison Magic
   496 | D:1      | Reached XP level 3. HP: 23/23 MP: 3/6
   501 | D:1      | Learned a level 3 spell: Mephitic Cloud
   952 | D:2      | Reached skill level 1 in Air Magic
  1117 | D:2      | Reached XP level 4. HP: 28/28 MP: 1/7
  1290 | D:2      | Reached skill level 1 in Conjurations
  1555 | D:2      | Found a faded altar of an unknown god.
  2536 | D:3      | Reached XP level 5. HP: 33/33 MP: 6/9
  2790 | D:3      | Found a blossoming altar of Fedhas.
  3299 | D:4      | Found a broken altar of Ashenzari.
  3337 | D:4      | Noticed Ijyb
  3341 | D:4      | Noticed an ogre
  3357 | D:4      | Slain by an ogre

Illustrated notes

Levels and vault maps discovered:
D:1:      dpeg_arrival_orchard, layout_rooms
D:2:      layout_rooms, serial_forest, infiniplex_forest_zigzag_2,
          infiniplex_forest_straight_1, infiniplex_forest_straight_2,
          infiniplex_forest_clump_long, infiniplex_forest_clump_small,
          infiniplex_forest_straight_3, infiniplex_forest_clump_small,
          infiniplex_forest_lined_3, infiniplex_forest_straight_1,
          chequers_ecumenical_altar_grove, corexii_hall_statues_l,
          minmay_misc_feat_room
D:3:      layout_basic, mainiacjoe_overflow_paths, serial_bayou_pond_a
D:4:      layout_cave_pods, nicolae_ashenzari_panopticon, tgw_xom, uniq_ijyb

Skill      XL: |  1  2  3  4 |
---------------+-------------+-----
Fighting       | 1 |  1.1
Poison Magic   | 4 |  4.5
Air Magic      | 1 |  1.8
Conjurations   | 1 |  1.5
Dodging        | |  2.0
Stealth        | |  2.6
Spellcasting   | |  2.9
Transmutations | |  1.3

Action                     |  1- 3 |  4- 6 || total
---------------------------+-------+-------++-------
  Melee: Dagger            |    50 |   146 ||   196
         Constrict         |    14 |    17 ||    31
         Tentacles         |    10 |    37 ||    47
         Unarmed           |     1 |       ||     1
         Punch             |       |     2 ||     2
   Cast: Sting             |     8 |     2 ||    10
         Poisonous Vapours |    17 |    23 ||    40
         Mephitic Cloud    |       |     5 ||     5
    Use: Scroll            |       |     5 ||     5
         Potion            |       |     2 ||     2
   Stab: Sleeping          |     1 |     3 ||     4
         Confused          |       |     1 ||     1
 Armour: Skin              |     6 |     7 ||    13
  Dodge: Dodged            |    36 |    35 ||    71

Table legend: (Time is in decaauts)
 A = Elapsed time spent in this place.
 B = Non-inter-level travel time spent in this place.
 C = Inter-level travel time spent in this place.
 D = Time resting spent in this place.
 E = Time spent auto-exploring this place.
 F = Levels seen in this place.
 G = Mean time per level.
                   A        B        C        D        E       F      G
               +--------+--------+--------+--------+--------+-----+--------+
         Total |   3354 |   3300 |     54 |    920 |   1806 |   4 |  838.5 |
       Dungeon |   3354 |   3300 |     54 |    920 |   1806 |   4 |  838.5 |
               +--------+--------+--------+--------+--------+-----+--------+

Top non-repeatable levels by time:
     D:2: 1582 daAuts
     D:3: 913 daAuts
     D:1: 615 daAuts
     D:4: 242 daAuts
